 Dungeon Crawl Stone Soup version 0.20.1-1-g8b1a95d (webtiles) character file.

79 letownia2 the Grave Robber (level 4, -7/36 HPs)
             Began as a Deep Dwarf Necromancer on Dec 8, 2017.
             Mangled by an ogre
             ... wielding a +0 giant spiked club
              (25 damage)
             ... on level 4 of the Dungeon.
             The game lasted 00:03:42 (1118 turns).

letownia2 the Grave Robber (Deep Dwarf Necromancer) Turns: 1118, Time: 00:03:43

Health: -7/36      AC:  3    Str: 11    XL:     4   Next: 17%
Magic:  2/8        EV: 12    Int: 17    God:
Gold:   64         SH:  0    Dex: 13    Spells: 5/9 levels left

rFire    . . .     SeeInvis .   a - +0 quarterstaff
rCold    . . .     Gourm    .   (shield currently unavailable)
rNeg     . . .     Faith    .   k - +0 robe
rPois    .         Spirit   .   (no helmet)
rElec    .         Reflect  .   (no cloak)
rCorr    .         Harm     .   i - +0 pair of gloves
MR       .....                  (no boots)
Stlth    ++........             (no amulet)
Regen    0.0/turn               (no ring)
MPRegen  0.2/turn               (no ring)

@: non-regenerating
A: damage resistance, heal wounds, sense surroundings 1, no regeneration
a: Heal Wounds


You were on level 4 of the Dungeon.
You were hungry.

You visited 1 branch of the dungeon, and saw 4 of its levels.

You collected 64 gold pieces.

Inventory:

Hand Weapons
 a - a +0 quarterstaff (weapon)
Missiles
 h - 7 bolts
Armour
 i - a +0 pair of gloves (worn)
 k - a +0 robe (worn)
Scrolls
 d - 2 scrolls of identify {unknown}
 e - a scroll of immolation {unknown}
 g - a scroll of random uselessness {unknown}
 l - a scroll of recharging {unknown}
Potions
 f - a potion of resistance {unknown}
 j - 2 potions of might {unknown}
 m - a potion of curing {unknown}
Books
 b - a book of Necromancy

   Spells                             Type                      Level
   a - Pain                           Necromancy                   1
   b - Animate Skeleton               Necromancy                   1
   c - Vampiric Draining              Necromancy                   3
   d - Regeneration                   Charms/Necromancy            3
   e - Animate Dead                   Necromancy                   4
   f - Control Undead                 Necromancy                   4
Comestibles
 c - 2 bread rations
 n - a royal jelly


   Skills:
 - Level 2.1 Dodging
 - Level 2.4 Stealth
 - Level 3.0 Spellcasting
 + Level 5.3 Necromancy


You had 5 spell levels left.
You knew the following spells:

 Your Spells              Type           Power        Failure   Level  Hunger
a - Pain                  Necr           ###.         1%          1    None
v - Vampiric Draining     Necr           ###.......   6%          3    ###....


Dungeon Overview and Level Annotations

Branches:
Dungeon (4/15)
 Temple: D:4-7

Altars:
Ashenzari
Makhleb
Xom

Annotations:
D:4 Anon1729's ghost, amateur OpEE


Innate Abilities, Weirdness & Mutations

You are resistant to damage.
You can heal yourself by infusing magical energy.
You passively map a small area around you.
You do not regenerate.


Message History

Casting: Pain
Confirm with . or Enter, or press ? or * to list all spells.
Aiming: Vampiric Draining
Press: ? - help, Shift-Dir - straight line, f/p - ogre
Aim: an ogre, wielding a giant spiked club (severely wounded)
The ogre is almost dead.
You feel life coursing into your body. The ogre misses you.
Unknown command.
Casting: Vampiric Draining
Confirm with . or Enter, or press ? or * to list all spells.
Aiming: Pain
Press: ? - help, Shift-Dir - straight line, f/p - ogre
Aim: an ogre, wielding a giant spiked club (almost dead, chance to defeat MR: 80%)
The ogre writhes in agony!
Unknown command.
Unknown command.
The ogre closely misses you.
The ogre hits you with a giant spiked club!!
Ouch! That really hurt!
You die...

.......#
#............
.......#
#............ ,
......# #.##.........
*
*#....###.###.....#..
#....##..####...####
***#......# #...#
#####..###'###w#.#
#....O.#≈≈.≈≈#...##
#...@#.#≈♣.♣≈##...###
#......#≈._.≈###.....
#....###≈♣.♣≈# #.....
#....# #≈≈.≈≈###.....
#....# ###+###.......
###### #.....#.....
############


You could see an ogre.

Vanquished Creatures
  A hound (D:4)
  5 adders (D:3)
  An orc (D:3)
  A jackal (D:3)
  A kobold (D:3)
  A goblin (D:1)
  A rat (D:3)
11 creatures vanquished.

Notes
Turn   | Place    | Note
-------+----------+-------------------------------------------
     0 | D:1      | letownia2 the Deep Dwarf Necromancer began the quest for the Orb.
     0 | D:1      | Reached XP level 1. HP: 15/15 MP: 3/3
   275 | D:4      | Noticed Anon1729's ghost (amateur OpEE)
   315 | D:3      | Reached XP level 2. HP: 22/22 MP: 0/5
   515 | D:3      | Found a burning altar of Makhleb.
   515 | D:3      | Found a shimmering altar of Xom.
   515 | D:3      | Noticed a crimson imp
   586 | D:3      | Reached XP level 3. HP: 14/28 MP: 0/6
   591 | D:3      | Learned a level 3 spell: Vampiric Draining
   661 | D:3      | Reached skill level 5 in Necromancy
   713 | D:4      | Noticed an ogre
  1044 | D:4      | Found a shattered altar of Ashenzari.
  1062 | D:4      | Reached XP level 4. HP: 30/36 MP: 4/8
  1118 | D:4      | Mangled by an ogre

Skill      XL: |  1  2  3 |
---------------+----------+-----
Spellcasting   | 2 3 |  3.0
Necromancy     | 5 |  5.3
Dodging        | |  2.1
Stealth        | |  2.4

Action                   |  1- 3 |  4- 6 || total
-------------------------+-------+-------++-------
Melee: Quarterstaff      |     3 |     1 ||     4
 Cast: Pain              |    26 |     6 ||    32
       Vampiric Draining |     7 |     1 ||     8
  Eat: Chunk             |     1 |       ||     1
Armor: Robe              |     6 |       ||     6
Dodge: Dodged            |    11 |     2 ||    13
